[Event "Titled Tuesday Blitz April 11 Early 2023"]
[White "Kvaloy, Aksel Bu"]
[Black "Gogolev, Artem"]
[WhiteFideId "1528815"]
[BlackFideId "4116615"]
[WhiteElo "2208"]
[BlackElo "2182"]
[Result "0-1"]
[Round "10"]
[TimeControl "180+2"]
[Date "2023.04.11"]
[WhiteClock "0:00:01"]
[BlackClock "0:01:32"]

1. e4 c5 2. Nf3 Nf6 3. Nc3 d5 4. exd5 Nxd5 5. Bb5+ Bd7 6. Bxd7+ Qxd7 7. Nxd5 Qxd5 8. O-O Nc6 9. d3 g6 10. Re1 Bg7 11. Qe2 O-O 12. Qe4 Rfd8 13. Qxd5 Rxd5 14. Rb1 e6 15. Bf4 Nd4 16. Nxd4 cxd4 17. g4 Rc8 18. Re2 Rdc5 19. Rc1 Rb5 20. b3 Rbc5 21. Kg2 h5 22. h3 hxg4 23. hxg4 R5c6 24. a4 Bf8 25. Be5 Bg7 26. Bf4 Rc3 27. Bd6 Rxd3 28. Bb4 Rxb3 29. cxb3 Rxc1 30. Kf3 Rb1 31. Bc5 Rxb3+ 32. Ke4 b6 33. Be7 f5+ 34. gxf5 gxf5+ 35. Kf4 Kf7 36. Bd6 d3 37. Rd2 Bh6+ 38. Ke5 Bxd2 39. f4 Bxf4+ 40. Kxf4 d2 41. a5 d1=Q 42. axb6 Qd4+ 43. Kg5 axb6 44. Bf4 Qf6+ 45. Kh5 Qg6+ 46. Kh4 Qg4# 0-1


[Site "https://www.chess.com"]

[Event "Titled Tuesday Blitz April 11 Early 2023"]
[White "Shuvalov, Evgenij"]
[Black "Poliakova, Varvara"]
[WhiteFideId "4187237"]
[BlackFideId "13518313"]
[WhiteElo "2080"]
[BlackElo "2075"]
[Result "0-1"]
[Round "10"]
[TimeControl "180+2"]
[Date "2023.04.11"]
[WhiteClock "0:00:02"]
[BlackClock "0:00:56"]

1. d4 f5 2. c4 d6 3. Nf3 Nf6 4. Nc3 g6 5. g3 Bg7 6. Bg2 O-O 7. O-O Nc6 8. b3 e5 9. dxe5 dxe5 10. e4 fxe4 11. Ng5 Nd4 12. Ncxe4 Nxe4 13. Bxe4 h6 14. Bd5+ Kh8 15. Nf7+ Rxf7 16. Bxf7 Qf6 17. Bd5 c6 18. Bg2 Bf5 19. Be3 Rd8 20. Bxd4 exd4 21. Qd2 d3 22. Rae1 Qc3 23. Qd1 d2 24. Re3 Qd4 25. Bf3 Bh3 26. Bg2 Bf5 27. Bf3 Bf6 28. Kg2 Bg5 29. Re2 Bd3 30. Rg1 Bxe2 31. Qxe2 Kg7 32. Rd1 Rd7 33. h4 Bf6 34. h5 Bg5 35. hxg6 Re7 36. Qf1 Qc3 37. Bh5 Re1 0-1


[Site "https://www.chess.com"]

[Event "Titled Tuesday Blitz April 11 Early 2023"]
[White "Petukhov, Dmitry"]
[Black "Danielyan, Vahe"]
[WhiteFideId "4142748"]
[BlackFideId "13304828"]
[WhiteElo "2311"]
[BlackElo "2423"]
[Result "1-0"]
[Round "10"]
[TimeControl "180+2"]
[Date "2023.04.11"]
[WhiteClock "0:00:42"]
[BlackClock "0:00:08"]

1. e4 Nf6 2. e5 Nd5 3. d4 d6 4. Nf3 g6 5. c4 Nb6 6. Nc3 Bg7 7. exd6 cxd6 8. Be3 O-O 9. Be2 Bg4 10. b3 Nc6 11. Rc1 d5 12. c5 Nc8 13. O-O e6 14. h3 Bxf3 15. Bxf3 N8e7 16. Ne2 Nf5 17. Bg4 Re8 18. Bxf5 exf5 19. Qd2 Re4 20. Nc3 f4 21. Bxf4 Rxd4 22. Qe3 Qa5 23. Bd6 Nb4 24. a3 Nd3 25. b4 Qxa3 26. Nb5 Qxb4 27. Rb1 Qc4 28. Nxd4 Bxd4 29. Qf3 b5 30. Rbd1 Bxc5 31. Bxc5 Nxc5 32. Rc1 Qb4 33. Qxd5 Rc8 34. Rc2 Qa3 35. Rfc1 b4 36. Rxc5 Qxc1+ 37. Rxc1 Rxc1+ 38. Kh2 Rb1 39. Qa8+ Kg7 40. Qxa7 b3 41. Qd4+ Kg8 42. Qd3 Rb2 43. Qd8+ 1-0


[Site "https://www.chess.com"]

[Event "Titled Tuesday Blitz April 11 Early 2023"]
[White "Leyva Rivera, Yunier"]
[Black "Williams, Simon K"]
[WhiteFideId "3505065"]
[BlackFideId "404454"]
[WhiteElo "2430"]
[BlackElo "2468"]
[Result "1-0"]
[Round "10"]
[TimeControl "180+2"]
[Date "2023.04.11"]
[WhiteClock "0:00:09"]
[BlackClock "0:00:12"]

1. d4 e6 2. Nf3 f5 3. g3 Nf6 4. Bg2 Be7 5. O-O O-O 6. Bg5 d6 7. Nbd2 Ng4 8. Bxe7 Qxe7 9. h3 Nh6 10. e4 f4 11. e5 d5 12. g4 Nf7 13. Re1 Ng5 14. Nxg5 Qxg5 15. Nf3 Qe7 16. h4 c5 17. c3 Nc6 18. g5 Bd7 19. Bh3 Be8 20. Bg4 Bg6 21. dxc5 h6 22. gxh6 gxh6 23. Kh2 Kh8 24. Rg1 Rg8 25. Qe2 Be4 26. Kh3 Rxg4 27. Kxg4 Bf5+ 28. Kxf4 Rf8 29. Kg3 Be4 30. Nh2 Rg8+ 31. Ng4 h5 32. f3 Bf5 33. Qe3 hxg4 34. Qh6+ Qh7 35. Qxh7+ Kxh7 36. Kf4 gxf3 37. Rxg8 Kxg8 38. Rg1+ Kh7 39. Kxf3 Nxe5+ 40. Kf4 Nd3+ 41. Kg5 Nxc5 42. Kf6 Ne4+ 43. Ke7 Kh6 44. Kd7 Kh5 45. Kc7 b6 46. Kb7 e5 47. Kxa7 Kxh4 48. Kxb6 Ng3 49. Kc5 Be6 50. Kd6 e4 51. Kxe6 e3 52. Kxd5 e2 53. Re1 1-0


[Site "https://www.chess.com"]

[Event "Titled Tuesday Blitz April 11 Early 2023"]
[White "Piesik, Piotr"]
[Black "Erzhanov, Arman"]
[WhiteFideId "1136194"]
[BlackFideId "4138821"]
[WhiteElo "2299"]
[BlackElo "2138"]
[Result "0-1"]
[Round "10"]
[TimeControl "180+2"]
[Date "2023.04.11"]
[WhiteClock "0:00:42"]
[BlackClock "0:00:56"]

1. Nf3 c5 2. e4 Nc6 3. Bb5 d6 4. Bxc6+ bxc6 5. e5 dxe5 6. Nxe5 Qd5 7. Nf3 Qe4+ 8. Kf1 e5 9. d3 Qf5 10. Nbd2 f6 11. Qe2 Ne7 12. Ne4 Nd5 13. Be3 c4 14. Rc1 Ba6 15. Nfd2 cxd3 16. cxd3 Nb4 17. Nc4 Rd8 18. Bxa7 Nxd3 19. Rc3 Nxb2 20. Qxb2 Qxe4 0-1


[Site "https://www.chess.com"]

[Event "Titled Tuesday Blitz April 11 Early 2023"]
[White "Chernomordik, Pavel"]
[Black "Skliarov, Viktor"]
[WhiteFideId "2804530"]
[BlackFideId "14106736"]
[WhiteElo "2193"]
[BlackElo "2317"]
[Result "1/2-1/2"]
[Round "10"]
[TimeControl "180+2"]
[Date "2023.04.11"]
[WhiteClock "0:00:09"]
[BlackClock "0:00:05"]

1. e4 g6 2. d4 Bg7 3. Nc3 c6 4. Bc4 d5 5. exd5 b5 6. Bb3 b4 7. Ne4 cxd5 8. Nc5 Nf6 9. Ne2 O-O 10. O-O Nbd7 11. Nd3 a5 12. a3 bxa3 13. Rxa3 Ba6 14. Nef4 Bc4 15. Re1 Bxb3 16. Rxb3 e6 17. Ra3 Ne4 18. c3 Qb6 19. f3 Nd6 20. b3 Nb5 21. Ne2 Nxa3 22. Bxa3 Rfb8 23. Ndc1 Bf8 24. Bxf8 Kxf8 25. Qd2 Kg7 26. h4 Qd8 27. g3 Qf6 28. Kg2 a4 29. bxa4 Rxa4 30. h5 g5 31. Rh1 h6 32. Nd3 Rba8 33. Nec1 Nb6 34. Ne5 Nc4 35. Nxc4 dxc4 36. Re1 R8a5 37. g4 Ra1 38. Ne2 Rxe1 39. Qxe1 Ra2 40. Kg3 e5 41. Qd1 exd4 42. cxd4 c3 43. Qd3 Rd2 44. Qe3 Qd6+ 45. Kh3 Rd1 46. Ng3 Qxg3+ 47. Kxg3 c2 48. Qe5+ Kf8 49. Qd6+ Kg7 50. Qe5+ Kf8 51. Qd6+ Kg8 52. Qd8+ Kh7 53. Qf6 c1=Q 54. Qxf7+ Kh8 55. Qf8+ Kh7 56. Qf7+ Kh8 57. Qf8+ Kh7 58. Qf7+ 1/2-1/2


[Site "https://www.chess.com"]

[Event "Titled Tuesday Blitz April 11 Early 2023"]
[White "Dudzinski, Pawel"]
[Black "wqws"]
[WhiteFideId "1117890"]
[WhiteElo "2099"]
[BlackElo "2606"]
[Result "1/2-1/2"]
[Round "10"]
[TimeControl "180+2"]
[Date "2023.04.11"]
[WhiteClock "0:00:47"]
[BlackClock "0:02:07"]

1. e4 c5 2. c4 Nc6 3. Nc3 g6 4. g3 Bg7 5. Bg2 e6 6. Nge2 Nge7 7. Rb1 O-O 8. d3 a6 9. a3 d5 10. exd5 exd5 11. Nxd5 Bg4 12. Be3 Nf5 13. O-O Ncd4 14. f3 Nxe3 15. Nxe3 Re8 16. Nxd4 Qxd4 17. fxg4 Rxe3 18. Kh1 Rxd3 19. Qc2 Rd2 20. Qb3 Rxb2 21. Rxb2 Qxb2 22. Qxb7 Qxb7 23. Bxb7 Rb8 24. Bd5 Kh8 25. Rxf7 Bb2 26. Ra7 Bxa3 27. Rxa6 Bc1 28. Kg2 Rb2+ 29. Kh3 Be3 30. Ra7 Bg1 31. g5 Rxh2+ 32. Kg4 h5+ 33. gxh6 Rxh6 34. Kg5 Be3+ 35. Kf6 g5+ 36. Kf5 Rh7 37. Rxh7+ Kxh7 38. g4 Kg7 39. Be6 Kf8 40. Bd5 Ke7 41. Be6 Kd6 42. Bd5 Kc7 43. Be6 Kb6 44. Bd5 Ka5 45. Be6 Kb4 46. Bd5 Kc3 47. Be6 Kd4 48. Bd5 Bf4 49. Be6 Kc3 50. Bd5 Kb4 51. Be6 Ka5 52. Bd5 Kb6 53. Be6 Kc7 54. Bd5 Kd6 55. Be6 Ke7 56. Bd5 Kd6 57. Be6 Bh2 58. Bd5 Bg1 59. Kxg5 Ke5 60. Kg6 Be3 61. Kf7 Kf4 62. Be6 Ke5 63. Bd7 Bc1 64. Bc8 Kd4 65. Ba6 Ke5 66. Kg6 Kf4 67. Bc8 Ke5 68. Kf7 Be3 69. Kg6 Bd2 70. Kh5 Kf6 71. Kh4 Be1+ 72. Kh5 Bd2 73. Bd7 Bf4 74. Kh4 Bg5+ 75. Kg3 Ke5 76. Kf3 Kd6 77. Be8 Ke5 78. Bf7 Be7 79. Bg8 Kf6 80. Kf4 Bd6+ 81. Ke4 Kg5 82. Kd5 Bf8 83. Be6 Kf4 84. Bc8 Kg5 85. Ke6 Bh6 86. Kd6 Bf8+ 87. Ke6 Bg7 88. Ke7 Bd4 89. Bd7 Bg1 90. Kd6 Bf2 91. Kd5 Kf4 92. Ke6 Kxg4 93. Kd5+ Kf4 94. Bb5 Kf5 95. Bc6 Kf6 96. Bb5 Ke7 97. Bc6 Kd8 98. Bb5 Kc7 99. Bc6 Kb6 100. Bb5 Bh4 101. Bc6 Be7 102. Bb5 Bd8 103. Bc6 Bh4 104. Bb5 Bf2 105. Bc6 Ka5 106. Bb5 Kb4 107. Bc6 Kc3 108. Bb5 Kd3 109. Bc6 Bd4 110. Bb5 Ke3 111. Bc6 Kf4 112. Bb5 Kg5 113. Bc6 Kf6 114. Bb5 Ke7 115. Bc6 Kd8 116. Bb5 Kc7 117. Bc6 Kb6 118. Bb5 Ka5 119. Bc6 Kb4 120. Bb5 Ka3 121. Bc6 Kb2 122. Bb5 Ka1 123. Bc6 Kb1 124. Bb5 Kc1 125. Bc6 Kd1 126. Bb5 Kd2 127. Bc6 Ke3 128. Bb5 Kf4 129. Bc6 Kg5 130. Bb5 Kh4 131. Bc6 Kg3 132. Bb5 Kf2 133. Bc6 Kg1 134. Bb5 Kh2 135. Bc6 Kg3 136. Bd7 Kh4 137. Bc6 Kg5 138. Bb5 Kf6 139. Bc6 Kg7 140. Bb5 Kf8 141. Bc6 Kg8 142. Bb5 Kh8 1/2-1/2


[Site "https://www.chess.com"]

[Event "Titled Tuesday Blitz April 11 Early 2023"]
[White "Omariev, Maksim"]
[Black "Arias, Juan Cruz"]
[WhiteFideId "4193423"]
[BlackFideId "118540"]
[WhiteElo "2464"]
[BlackElo "2243"]
[Result "0-1"]
[Round "10"]
[TimeControl "180+2"]
[Date "2023.04.11"]
[WhiteClock "0:00:30"]
[BlackClock "0:01:05"]

1. g4 d5 2. Bg2 Bxg4 3. c4 c6 4. Qb3 Nf6 5. Qxb7 Nbd7 6. d4 e6 7. Nc3 Rb8 8. Qxa7 Bb4 9. Bd2 O-O 10. Nf3 Nb6 11. cxd5 Bxf3 12. Bxf3 cxd5 13. a3 Bd6 14. Nb5 Nc4 15. Nxd6 Qxd6 16. Bb4 Rxb4 17. axb4 Qxb4+ 18. Kf1 Qxb2 19. e3 Qc2 20. Qa2 Qf5 21. Ke2 g5 22. Rag1 g4 23. Bxg4 Nxg4 24. h3 Qxf2+ 25. Kd3 Qxa2 26. Rxg4+ Kh8 27. Rd1 Rb8 28. e4 Rb3# 0-1


[Site "https://www.chess.com"]

[Event "Titled Tuesday Blitz April 11 Early 2023"]
[White "Ratnakaran, K."]
[Black "Gonzalez, Francisco Silva"]
[WhiteFideId "5005507"]
[BlackFideId "1512285"]
[WhiteElo "2345"]
[BlackElo "2074"]
[Result "1-0"]
[Round "10"]
[TimeControl "180+2"]
[Date "2023.04.11"]
[WhiteClock "0:02:06"]
[BlackClock "0:01:19"]

1. e4 e5 2. Nf3 Nc6 3. Bb5 a6 4. Ba4 Nf6 5. O-O b5 6. Bb3 Bc5 7. c3 d6 8. d4 Bb6 9. a4 Bb7 10. axb5 axb5 11. Rxa8 Bxa8 12. d5 Ne7 13. Qe2 O-O 14. g3 c6 15. dxc6 Bxc6 16. Bc2 Ng6 17. h4 h6 18. Kg2 Qc7 19. Rd1 Re8 20. Na3 Qb7 21. Nxb5 Nxe4 22. Bxe4 Bxe4 23. Nxd6 Bxf3+ 24. Qxf3 Qxf3+ 25. Kxf3 Rd8 26. Ke2 Ne7 27. b4 f5 28. c4 Bd4 29. c5 Nd5 30. Bd2 g6 31. f4 e4 32. Be1 Nc3+ 33. Bxc3 Bxc3 34. c6 Bxb4 35. c7 Rf8 36. Ne8 Rxe8 37. Rd8 Kf7 38. Rxe8 Kxe8 39. c8=Q+ 1-0


[Site "https://www.chess.com"]

[Event "Titled Tuesday Blitz April 11 Early 2023"]
[White "Kucuksari, Kaan"]
[Black "ArtemDyachuk"]
[WhiteFideId "6380166"]
[WhiteElo "2364"]
[BlackElo "2425"]
[Result "1-0"]
[Round "10"]
[TimeControl "180+2"]
[Date "2023.04.11"]
[WhiteClock "0:02:17"]
[BlackClock "0:00:01"]

1. e4 c5 2. Nf3 d6 3. d4 cxd4 4. Nxd4 Nf6 5. Nc3 a6 6. Be2 e6 7. O-O Be7 8. f4 O-O 9. Be3 Qc7 10. Bf3 Nbd7 11. Kh1 Rb8 12. g4 e5 13. Nf5 Bd8 14. Nxd6 b5 15. g5 Ne8 16. Nxc8 Rxc8 17. Bg4 Nd6 18. fxe5 Nxe5 19. Bxc8 Ndc4 20. Nd5 Qxc8 21. Bd4 Bxg5 22. Rg1 Bd8 23. b3 Qh3 24. bxc4 1-0


[Site "https://www.chess.com"]

[Event "Titled Tuesday Blitz April 11 Early 2023"]
[White "Rottenwohrer Suarez, Juan"]
[Black "Filgueira, Hernan"]
[WhiteFideId "32068182"]
[BlackFideId "101770"]
[WhiteElo "2174"]
[BlackElo "2363"]
[Result "0-1"]
[Round "10"]
[TimeControl "180+2"]
[Date "2023.04.11"]
[WhiteClock "0:00:02"]
[BlackClock "0:00:38"]

1. d4 d5 2. c4 e6 3. Nc3 c6 4. e4 Bb4 5. cxd5 exd5 6. e5 Ne7 7. Bg5 h6 8. Bh4 Qa5 9. Qb3 Nf5 10. Nf3 g5 11. Bg3 g4 12. Nd2 Nxd4 13. Qd1 h5 14. Be2 Nf5 15. O-O Nxg3 16. fxg3 Qb6+ 17. Kh1 Be6 18. Nb3 Nd7 19. Nd4 O-O-O 20. Na4 Qc7 21. Rc1 Nxe5 22. a3 Be7 23. b4 Kb8 24. b5 Nc4 25. bxc6 bxc6 26. Nxe6 fxe6 27. Bxc4 dxc4 28. Qe2 Rd4 29. Qxe6 Bxa3 30. Rb1+ Ka8 31. Rf7 Qd6 32. Qe1 Rd8 33. Nb6+ axb6 34. Ra1 Rd1 0-1


[Site "https://www.chess.com"]

[Event "Titled Tuesday Blitz April 11 Early 2023"]
[White "MKlose11"]
[Black "Harriott, Tyrell"]
[BlackFideId "2086484"]
[WhiteElo "2588"]
[BlackElo "2107"]
[Result "1-0"]
[Round "10"]
[TimeControl "180+2"]
[Date "2023.04.11"]
[WhiteClock "0:00:09"]
[BlackClock "0:00:01"]

1. e4 e6 2. Nf3 d5 3. e5 c5 4. b4 cxb4 5. a3 Nc6 6. d4 f6 7. Bd3 f5 8. O-O Bd7 9. Nbd2 Nh6 10. Kh1 Be7 11. Nb3 Nf7 12. Rg1 bxa3 13. c3 b6 14. g4 O-O 15. gxf5 exf5 16. Qe2 Be6 17. Bxa3 Nh6 18. Bc1 f4 19. Qc2 Bf5 20. Bd2 Rc8 21. Bxf5 Rxf5 22. Qd3 Qe8 23. Rg2 Qh5 24. Rag1 g6 25. c4 dxc4 26. Qxc4+ Kh8 27. Qe6 Rff8 28. Qd5 Rfd8 29. Qe4 g5 30. Nxg5 Bxg5 31. Rxg5 Qf7 32. Bxf4 Qd5 33. Qxd5 Rxd5 34. Rg7 Nf5 35. Rf7 Ncxd4 36. Nxd4 Nxd4 37. Bg5 Kg8 38. Rxa7 Nf3 39. Rg3 Rd1+ 40. Kg2 Nxg5 41. Rxg5+ Kf8 42. Rxh7 Rcc1 43. Rg3 Rg1+ 44. Kh3 Rxg3+ 45. Kxg3 b5 46. Rb7 Rc5 47. f4 Ke8 48. Kg4 Kd8 49. h4 Kc8 50. Rb6 Kc7 51. Rd6 b4 52. Rd3 Rc3 53. Rd4 Rb3 54. h5 Kc6 55. h6 Kc5 56. Rd8 Rb1 57. h7 Rh1 58. h8=Q Rg1+ 59. Kf5 Kc4 60. Qf8 b3 61. Rc8+ Kd3 62. Qd6+ 1-0


[Site "https://www.chess.com"]

[Event "Titled Tuesday Blitz April 11 Early 2023"]
[White "Shevtchenko, Olesya"]
[Black "Haub, Thorsten Michael"]
[WhiteFideId "24131890"]
[BlackFideId "4610776"]
[WhiteElo "2003"]
[BlackElo "2344"]
[Result "1-0"]
[Round "10"]
[TimeControl "180+2"]
[Date "2023.04.11"]
[WhiteClock "0:00:18"]
[BlackClock "0:00:20"]

1. e4 g6 2. d4 Bg7 3. Nc3 d6 4. Be3 a6 5. Nf3 Nd7 6. h4 h6 7. Bc4 e6 8. a4 Ne7 9. Qd2 d5 10. exd5 Nb6 11. Bb3 Nbxd5 12. a5 Nxe3 13. Qxe3 Nf5 14. Qe4 Nxd4 15. Rd1 Nxf3+ 16. gxf3 Qe7 17. h5 g5 18. Kf1 Bd7 19. Qxb7 O-O 20. Kg2 Rfc8 21. Rd3 Bxc3 22. Rxc3 g4 23. fxg4 c5 24. f3 Rab8 25. Qe4 Qf6 26. Re1 c4 27. Bxc4 Rxb2 28. Rce3 Ba4 29. R1e2 Bc6 30. Qd3 Rd8 31. Rxe6 fxe6 32. Rxe6 Rxd3 33. Rxf6+ Kg7 34. Rg6+ Kh7 35. Bxd3 Kh8 36. Rxc6 1-0


[Site "https://www.chess.com"]

[Event "Titled Tuesday Blitz April 11 Early 2023"]
[White "Cori T., Deysi"]
[Black "Liew, Chee-Meng Jimmy"]
[WhiteFideId "3801934"]
[BlackFideId "5700019"]
[WhiteElo "2292"]
[BlackElo "2245"]
[Result "1-0"]
[Round "10"]
[TimeControl "180+2"]
[Date "2023.04.11"]
[WhiteClock "0:00:19"]
[BlackClock "0:00:24"]

1. d4 Nf6 2. Nf3 c5 3. e3 cxd4 4. exd4 d5 5. h3 Nc6 6. c3 Bf5 7. Bd3 Bxd3 8. Qxd3 e6 9. O-O h6 10. Bf4 Bd6 11. Bxd6 Qxd6 12. Nbd2 O-O 13. a4 a5 14. Rfe1 Nd7 15. Nb3 Rfe8 16. Nfd2 Rad8 17. Re2 e5 18. dxe5 Ndxe5 19. Qg3 d4 20. cxd4 Nxd4 21. Nxd4 Qxd4 22. Rae1 f6 23. Ne4 Kh7 24. Qf4 Qb6 25. Qf5+ Kg8 26. Kh2 Nd7 27. f4 Qc6 28. Ng5 Nf8 29. Ne4 Kh8 30. Qxa5 Ra8 31. Qc3 Rxa4 32. Qxc6 bxc6 33. Nc5 Rxe2 34. Rxe2 Rxf4 35. Re8 Kg8 36. Rxf8+ Kh7 37. Rf7 Rb4 38. Ne6 Kg6 39. g4 Rxb2+ 40. Kg3 Rb3+ 41. Kh4 h5 42. Rxg7+ Kh6 43. Rc7 hxg4 44. hxg4 Rc3 45. Nd4 f5 46. Nxf5+ Kg6 47. Rxc6+ Rxc6 48. Ne7+ Kf6 49. Nxc6 Kg6 50. Ne5+ Kg7 51. Kg5 Kh8 52. Kf6 Kg8 53. g5 Kh8 54. g6 Kg8 55. Nf7 Kf8 56. g7+ Kg8 57. Nh6+ Kh7 58. g8=Q+ Kxh6 59. Qg6# 1-0


[Site "https://www.chess.com"]

[Event "Titled Tuesday Blitz April 11 Early 2023"]
[White "Arat, Ufuk Sezen"]
[Black "Melian, Juan Sebastian"]
[WhiteFideId "6309089"]
[BlackFideId "3706575"]
[WhiteElo "2289"]
[BlackElo "2035"]
[Result "1/2-1/2"]
[Round "10"]
[TimeControl "180+2"]
[Date "2023.04.11"]
[WhiteClock "0:00:18"]
[BlackClock "0:00:05"]

1. e4 c5 2. Nf3 e6 3. d4 cxd4 4. Nxd4 a6 5. c4 Nf6 6. Nc3 Bb4 7. Bd3 Nc6 8. Nxc6 dxc6 9. O-O e5 10. Qe2 O-O 11. Bg5 h6 12. Bh4 Bc5 13. Rad1 Qe7 14. Kh1 g5 15. Bg3 Bg4 16. f3 Bh5 17. Bf2 Rad8 18. Bxc5 Qxc5 19. Na4 Qb4 20. b3 b5 21. Nb2 Qa3 22. Bb1 Rfe8 23. Rxd8 Rxd8 24. Nd1 Bg6 25. Ne3 Qc5 26. g3 bxc4 27. Nxc4 Rd4 28. Bc2 g4 29. Re1 h5 30. Qe3 Kg7 31. Re2 a5 32. Kg2 a4 33. fxg4 hxg4 34. Qg5 axb3 35. axb3 Rxc4 36. bxc4 Qxc4 37. Rf2 Nxe4 38. Qxe5+ Kh7 39. Rxf7+ Qxf7 40. Bxe4 Bxe4+ 41. Qxe4+ Qg6 42. Qe7+ Kg8 43. Qd8+ Kg7 44. Qe7+ Qf7 45. Qg5+ Qg6 46. Qe7+ Kh6 47. Qh4+ Kg7 48. Qe7+ 1/2-1/2


[Site "https://www.chess.com"]

[Event "Titled Tuesday Blitz April 11 Early 2023"]
[White "Kozin, Yuri"]
[Black "Ruiz Aguilar, Pablo Alexander"]
[WhiteFideId "4129920"]
[BlackFideId "4401352"]
[WhiteElo "2559"]
[BlackElo "2138"]
[Result "1/2-1/2"]
[Round "10"]
[TimeControl "180+2"]
[Date "2023.04.11"]
[WhiteClock "0:00:09"]
[BlackClock "0:00:27"]

1. e4 c5 2. Nf3 e6 3. d4 cxd4 4. Nxd4 a6 5. Nc3 Qc7 6. Bd3 Nf6 7. f4 d6 8. Qf3 Be7 9. Be3 b5 10. O-O-O Bb7 11. g4 Nc6 12. g5 Nd7 13. a3 Rc8 14. Kb1 Nc5 15. Nxc6 Bxc6 16. Bd4 e5 17. fxe5 dxe5 18. Bxc5 Bxc5 19. h4 b4 20. axb4 Bxb4 21. Nd5 Bxd5 22. exd5 Rb8 23. d6 Bxd6 24. b3 a5 25. Qe4 Qc3 26. Rhe1 Rxb3+ 27. cxb3 Qxb3+ 28. Ka1 Qa3+ 29. Kb1 Qb3+ 30. Kc1 Qc3+ 31. Kb1 Qb3+ 1/2-1/2


[Site "https://www.chess.com"]

[Event "Titled Tuesday Blitz April 11 Early 2023"]
[White "Akylbek2021"]
[Black "Bilan, Danila"]
[BlackFideId "24161918"]
[WhiteElo "2361"]
[BlackElo "2182"]
[Result "0-1"]
[Round "10"]
[TimeControl "180+2"]
[Date "2023.04.11"]
[WhiteClock "0:00:02"]
[BlackClock "0:00:03"]

1. e4 c6 2. d4 d5 3. exd5 cxd5 4. Bd3 Nc6 5. c3 Qc7 6. Ne2 Bg4 7. h3 Bh5 8. Qb3 e6 9. Bf4 Qc8 10. O-O Nf6 11. a4 a6 12. Nd2 Be7 13. Bh2 Bg6 14. Nf4 Bxd3 15. Nxd3 O-O 16. Nf3 Ne4 17. Rfe1 Na5 18. Qc2 Nc4 19. Nfe5 b5 20. f3 Ned6 21. axb5 axb5 22. Nc5 Nf5 23. Ned3 Bh4 24. Reb1 Nfe3 25. Qe2 Nf5 26. b3 Nb6 27. g4 Ne7 28. Ne5 b4 29. cxb4 Nc6 30. Qb5 Nxe5 31. Bxe5 Rxa1 32. Rxa1 Na8 33. Bd6 Re8 34. Be5 f6 35. Bh2 e5 36. dxe5 fxe5 37. Qd3 Nb6 38. Ra6 Qc6 39. Ra5 e4 40. fxe4 dxe4 41. Qe3 Bf6 42. b5 Qc8 43. b4 Nd5 44. Qd2 Nc3 45. Ra3 e3 46. Qe1 Nxb5 47. Rxe3 Bd4 48. Qd1 Rxe3 49. Kh1 Qc6+ 50. Kg1 Re1# 0-1


[Site "https://www.chess.com"]

[Event "Titled Tuesday Blitz April 11 Early 2023"]
[White "De Souza, Cristiano Gomes"]
[Black "Yelisieiev, Yevhenii"]
[WhiteFideId "2151758"]
[BlackFideId "14139642"]
[WhiteElo "2068"]
[BlackElo "2425"]
[Result "0-1"]
[Round "10"]
[TimeControl "180+2"]
[Date "2023.04.11"]
[WhiteClock "0:00:02"]
[BlackClock "0:00:13"]

1. d4 Nf6 2. c4 e6 3. Nf3 b6 4. g3 Bb7 5. Bg2 Bb4+ 6. Bd2 Bxd2+ 7. Qxd2 Ne4 8. Qc2 O-O 9. Nfd2 d5 10. Nxe4 dxe4 11. Bxe4 Bxe4 12. Qxe4 Na6 13. Nc3 c5 14. d5 exd5 15. Qxd5 Qf6 16. O-O Nb4 17. Qf3 Qd4 18. a3 Na6 19. Qe4 Rfe8 20. Qxd4 cxd4 21. Nb5 Rxe2 22. b4 d3 23. Rfd1 Rd8 24. Kf1 Rd7 25. Rxd3 Rxf2+ 26. Kxf2 Rxd3 27. Nxa7 Rc3 28. Nc8 Rxc4 29. Nxb6 Rc2+ 30. Kf3 Rxh2 31. b5 Nc5 32. a4 Nb3 33. Ra3 Rb2 34. Nc4 Rb1 35. b6 Nc5 36. a5 Na6 37. Rd3 h5 38. Rd8+ Kh7 39. Ra8 Rb3+ 40. Ke4 Nc5+ 41. Kd5 Ne6 42. a6 Rb5+ 43. Kd6 Rb4 44. b7 Nd4 0-1


[Site "https://www.chess.com"]

[Event "Titled Tuesday Blitz April 11 Early 2023"]
[White "Omelja, Artem"]
[Black "Vaibhav, Suri"]
[WhiteFideId "14119846"]
[BlackFideId "5045185"]
[WhiteElo "2404"]
[BlackElo "2510"]
[Result "0-1"]
[Round "10"]
[TimeControl "180+2"]
[Date "2023.04.11"]
[WhiteClock "0:00:03"]
[BlackClock "0:00:22"]

1. d4 Nf6 2. c4 g6 3. Nc3 Bg7 4. e4 O-O 5. Be2 d6 6. Be3 e5 7. d5 a5 8. g4 Na6 9. h3 Nc5 10. Qc2 Ne8 11. O-O-O a4 12. Nf3 Kh8 13. Ne1 f5 14. f3 f4 15. Bxc5 dxc5 16. Nxa4 b6 17. Kb1 Nd6 18. Nc3 Bd7 19. h4 Bf6 20. g5 Bg7 21. h5 Qxg5 22. hxg6 Qxg6 23. b3 Bf6 24. Nd3 Rg8 25. Rh2 Rg7 26. Rdh1 Qf7 27. Bf1 Rag8 28. Nd1 Qe7 29. Bh3 Bxh3 30. Rxh3 Nf7 31. N1f2 Ng5 32. Ng4 Nxh3 33. Rxh3 Rxg4 34. fxg4 Rxg4 35. Qe2 Qg7 36. Rh2 Qg6 37. b4 cxb4 38. Nxb4 f3 39. Qxf3 Rxe4 40. Qg2 Rg4+ 41. Qc2 e4 42. Rh1 Rg2 43. Qa4 Rb2+ 44. Kc1 Qg5+ 45. Kd1 Qd2# 0-1


[Site "https://www.chess.com"]

[Event "Titled Tuesday Blitz April 11 Early 2023"]
[White "Samunenkov, Ihor"]
[Black "Karamsetty, Jeevan"]
[WhiteFideId "14187086"]
[BlackFideId "2025337"]
[WhiteElo "2457"]
[BlackElo "2111"]
[Result "1-0"]
[Round "10"]
[TimeControl "180+2"]
[Date "2023.04.11"]
[WhiteClock "0:00:53"]
[BlackClock "0:00:19"]

1. d4 g6 2. e4 d6 3. Nc3 Bg7 4. g3 Nf6 5. Bg2 O-O 6. Nge2 Nc6 7. d5 Nb8 8. O-O e5 9. dxe6 Bxe6 10. e5 Ng4 11. Bxb7 Nd7 12. exd6 Rb8 13. Bg2 cxd6 14. Nf4 Bf5 15. h3 Nge5 16. g4 Be6 17. Nxe6 fxe6 18. Qxd6 Rb6 19. Qd1 Qh4 20. f4 Nc4 21. Qxd7 Rd8 22. Qc7 Bd4+ 23. Kh1 Nxb2 24. Bxb2 Rxb2 25. Ne4 Bb6 26. Qc3 Rb5 27. Rad1 Rf8 28. Qc4 1-0


[Site "https://www.chess.com"]

[Event "Titled Tuesday Blitz April 11 Early 2023"]
[White "Goffredo_Fofi"]
[Black "Aradhya, Garg"]
[BlackFideId "25006746"]
[WhiteElo "2522"]
[BlackElo "2263"]
[Result "0-1"]
[Round "10"]
[TimeControl "180+2"]
[Date "2023.04.11"]
[WhiteClock "0:00:16"]
[BlackClock "0:02:23"]

1. d4 d5 2. Nf3 Nf6 3. Bf4 c5 4. e3 Nc6 5. Nbd2 Nh5 6. Be5 e6 7. c3 f6 8. Bg3 Nxg3 9. hxg3 Bd6 10. Bd3 f5 11. g4 fxg4 12. Nh4 Qg5 13. Ng6 Rg8 14. Rxh7 Bd7 15. Rh4 e5 16. dxe5 Nxe5 17. Nxe5 Qxh4 18. Nxd7 Kxd7 19. Qa4+ Ke7 20. Bf5 Rgd8 21. Bxg4 b5 22. Qd1 Rf8 23. Bf3 g5 24. Nf1 g4 25. g3 Qf6 26. Qxd5 Qxf3 27. Qd2 Rad8 28. Rd1 Bxg3 0-1


[Site "https://www.chess.com"]

[Event "Titled Tuesday Blitz April 11 Early 2023"]
[White "Weetik, Vjacheslav"]
[Black "Garv Gaur"]
[WhiteFideId "4153472"]
[BlackFideId "45030839"]
[WhiteElo "2469"]
[BlackElo "2068"]
[Result "1-0"]
[Round "10"]
[TimeControl "180+2"]
[Date "2023.04.11"]
[WhiteClock "0:00:04"]
[BlackClock "0:00:05"]

1. e4 g6 2. d4 Bg7 3. Nf3 d5 4. exd5 Qxd5 5. Nc3 Qd8 6. Bc4 Nf6 7. h3 O-O 8. O-O c6 9. Re1 Bf5 10. Ne5 Nd5 11. Qf3 Nd7 12. Nxd5 cxd5 13. Bxd5 Nxe5 14. dxe5 Qa5 15. Bg5 e6 16. Bxb7 Rab8 17. Be7 Bxc2 18. Bxf8 Bxf8 19. Be4 Rxb2 20. Re2 Rb3 21. Qf4 Bxe4 22. Qxe4 Rb4 23. Qf3 Bc5 24. Rc1 Be7 25. g3 Kg7 26. Kg2 Rb5 27. Rd1 Qc7 28. Red2 Rb7 29. h4 Bb4 30. Rd7 Qxd7 31. Rxd7 Rxd7 32. h5 Bc5 33. Qf6+ Kh6 34. g4 Bb6 35. Kh2 Bc7 36. Kh3 Rd3+ 37. Kh4 Bd8 38. g5# 1-0


[Site "https://www.chess.com"]